NEW-YORK OUTLAWS vs TRENTON WHALERS

Created - 15 avril 2024 at 21:13

Goals
1 2 3 T
NEW-YORK OUTLAWS 0 0 1 1
TRENTON WHALERS 1 1 1 3
Shots
1 2 3 T
NEW-YORK OUTLAWS 4 6 1 11
TRENTON WHALERS 13 18 16 47

1st period

1. TRENTON WHALERS , Tyler Benson 11 (Xavier Bourgault 44, Samuel Bolduc 14) at 12:47

Penalties :
No Penalty

2nd period

2. TRENTON WHALERS , Xavier Bourgault 18 (Tyler Benson 20) at 8:49 (PP)

Penalties :
Maxime Lajoie (NYO) for Cross-checking (Minor) at 6:28, Nathan Legare (NYO) for Holding (Minor) at 8:31

3rd period

3. TRENTON WHALERS , Xavier Bourgault 19 (Dino Kambeitz 16, Samuel Bolduc 15) at 1:14 (PP)
4. NEW-YORK OUTLAWS , Isak Rosen 29 (Vasiliy Ponomarev 48) at 15:44

Penalties :
Matthew Robertson (NYO) for Tripping (Minor) at 0:36

Goalie Stats

Kevin Mandolese (NYO), 44 saves from 47 shots - (0,936), L, 0-3-1, 60:00 minutes
Eric Comrie (TRE), 10 saves from 11 shots - (0,909), W, 42-31-8, 60:00 minutes

Players Stats for NEW-YORK OUTLAWS

Player Name              G  A  P  +/- PIM S  H  SB GA TA FO     MP     PP MP  PK MP  
------------------------------------------------------------------------------------
Albert Johansson         0  0  0   0  0   0  1  2  0  0  0/0    22:20   0:00   1:03 
Alexander Nylander       0  0  0  -1  0   0  0  0  0  0  0/5    10:30   0:00   0:19 
Ben Gleason              0  0  0   0  0   1  1  2  0  0  0/0    24:37   0:00   1:31 
Drew Helleson            0  0  0   0  0   0  0  1  0  0  0/0     8:39   0:00   0:00 
Dylan Coghlan            0  0  0   0  0   0  1  0  0  0  0/0     8:47   0:00   0:42 
Isak Rosen               1  0  1   1  0   5  0  0  0  0  0/1    24:08   0:00   0:00 
Jachym Kondelik          0  0  0   0  0   0  5  1  0  0  2/5    24:04   0:00   1:10 
Jan Jenik                0  0  0   0  0   0  0  0  0  0  0/0     7:37   0:00   0:00 
Josh Dunne               0  0  0   0  0   0  0  0  0  0  0/0     0:11   0:00   0:00 
Lucas Johansen           0  0  0   1  0   1  1  2  0  0  0/0    10:54   0:00   0:58 
Matthew Robertson        0  0  0   0  2   0  2  6  0  0  0/0    25:18   0:00   1:07 
Maxime Lajoie            0  0  0  -1  2   1  3  4  0  0  0/0    26:29   0:00   0:29 
Michal Teply             0  0  0  -1  0   0  1  0  0  0  1/2    25:46   0:00   1:10 
Mikhail Abramov          0  0  0  -1  0   2  0  1  0  0  13/27  26:21   0:00   1:45 
Nathan Legare            0  0  0   1  2   0  1  0  0  0  0/0    23:48   0:00   0:00 
Nikolai Knyzhov          0  0  0   0  0   0  0  0  0  0  0/0     0:11   0:00   0:00 
Spencer Stastney         0  0  0   0  0   0  0  0  0  0  0/0     1:10   0:00   0:00 
Vasiliy Ponomarev        0  1  1   1  0   1  0  0  0  0  15/30  26:12   0:00   1:26 

Players Stats for TRENTON WHALERS

Player Name              G  A  P  +/- PIM S  H  SB GA TA FO     MP     PP MP  PK MP  
------------------------------------------------------------------------------------
Angus Crookshank         0  0  0   0  0   3  0  0  0  0  0/0    14:46   1:14   0:00 
Daniil Miromanov         0  0  0  -1  0   4  1  1  0  0  1/9    24:17   1:14   0:00 
Dino Kambeitz            0  1  1   1  0   4  2  0  0  0  1/1    19:49   1:41   0:00 
Glenn Gawdin             0  0  0   0  0   0  0  0  0  0  0/0     0:00   0:00   0:00 
Graeme Clarke            0  0  0   0  0   3  0  0  0  0  1/1    15:21   1:14   0:00 
Henrik Rybinski          0  0  0  -1  0   10 0  0  0  0  1/1    12:39   0:00   0:00 
Lawrence Pilut           0  0  0   0  0   1  2  2  0  0  0/0    18:15   0:00   0:00 
Michael Milne            0  0  0   0  0   2  0  0  0  0  1/1    12:56   0:00   0:00 
Noah Philp               0  0  0  -1  0   2  0  0  0  0  8/14   14:28   1:14   0:00 
Noel Hoefenmayer         0  0  0  -1  0   1  1  0  0  0  0/0    27:44   1:14   0:00 
Patrick Giles            0  0  0  -1  0   0  2  0  0  0  4/6    18:12   0:00   0:00 
Samuel Bolduc            0  2  2   1  0   2  2  2  0  0  0/0    21:04   1:41   0:00 
Samuel Houde             0  0  0   0  0   1  1  0  0  0  12/16  12:56   0:00   0:00 
Scott Perunovich         0  0  0   0  0   1  0  0  0  0  0/0     9:20   0:00   0:00 
Taylor Ward              0  0  0   0  0   3  0  0  0  0  0/0    14:46   0:00   0:00 
Tyler Benson             1  1  2   1  0   4  1  0  0  0  1/1    19:39   1:41   0:00 
Wyatt Kaiser             0  0  0   1  0   0  1  1  0  0  0/0    24:09   1:41   0:00 
Xavier Bourgault         2  1  3   1  0   6  0  0  0  0  9/20   19:39   1:41   0:00 

3 Stars

1 - Xavier Bourgault (TRE)
2 - Tyler Benson (TRE)
3 - Samuel Bolduc (TRE)

Power Play

NEW-YORK OUTLAWS - 0 on 0 Attempt(s) - 0,00%
TRENTON WHALERS - 2 on 3 Attempt(s) - 66,67%

Penalty Kill

NEW-YORK OUTLAWS - 1 on 3 Attempt(s) - 33,33% - Score 0 goal in Penalty Kill
TRENTON WHALERS - 0 on 0 Attempt(s) - 0,00% - Score 0 goal in Penalty Kill

Team Stat

NEW-YORK OUTLAWS - Hits : 16 - Faceoff Wins : 31 - Blocked Shots : 19 - Penalty Minutes : 6
TRENTON WHALERS - Hits : 13 - Faceoff Wins : 39 - Blocked Shots : 6 - Penalty Minutes : 0

Official

Referees : Justin Kea and Gord Dwyer
Linesman : Andrew Smith and Shaun Morgan

Game Notes

No Game Note

NEW-YORK OUTLAWS

5 vs 5 Forward 
   Center                   Left Wing                Right Wing               Time % Phy DF OF 
 1 Mikhail Abramov          Michal Teply             Jachym Kondelik          36     1   2  2  
 2 Vasiliy Ponomarev        Isak Rosen               Nathan Legare            31     1   2  2  
 3 Mikhail Abramov          Michal Teply             Jachym Kondelik          23     1   2  2  
 4 Michal Teply             Mikhail Abramov          Vasiliy Ponomarev        10     1   2  2  

5 vs 5 Defense 
   Defense                  Defense                                           Time % Phy DF OF 
 1 Maxime Lajoie            Matthew Robertson                                 36     1   2  2  
 2 Albert Johansson         Ben Gleason                                       31     1   2  2  
 3 Maxime Lajoie            Matthew Robertson                                 23     1   2  2  
 4 Maxime Lajoie            Matthew Robertson                                 10     1   2  2  

PowerPlay Forward 
   Center                   Left Wing                Right Wing               Time % Phy DF OF 
 1 Mikhail Abramov          Michal Teply             Jachym Kondelik          55     1   2  2  
 2 Isak Rosen               Vasiliy Ponomarev        Nathan Legare            45     1   2  2  

PowerPlay Defense
   Defense                  Defense                                           Time % Phy DF OF 
 1 Maxime Lajoie            Matthew Robertson                                 55     1   2  2  
 2 Albert Johansson         Drew Helleson                                     45     1   2  2  

Penalty Kill 4 Players Forward 
   Center                   Wing                     Time % Phy DF OF 
 1 Mikhail Abramov          Vasiliy Ponomarev        55     1   2  2  
 2 Jachym Kondelik          Michal Teply             45     1   2  2  

Penalty Kill 4 Players Defense
   Defense                  Defense                  Time % Phy DF OF 
 1 Albert Johansson         Matthew Robertson        55     1   2  2  
 2 Maxime Lajoie            Ben Gleason              45     1   2  2  

Penalty Kill - 3 Players Forward 
   Forward                                           Time % Phy DF OF 
 1 Mikhail Abramov                                   55     1   2  2  
 2 Michal Teply                                      45     1   2  2  

Penalty Kill - 3 Players Defense
   Defense                  Defense                  Time % Phy DF OF 
 1 Maxime Lajoie            Matthew Robertson        55     1   2  2  
 2 Drew Helleson            Albert Johansson         45     1   2  2  

4 vs 4 Forward 
   Center                   Wing                     Time % Phy DF OF 
 1 Mikhail Abramov          Nathan Legare            55     1   2  2  
 2 Vasiliy Ponomarev        Michal Teply             45     1   2  2  

4 vs 4 Defense
   Defense                  Defense                  Time % Phy DF OF 
 1 Albert Johansson         Matthew Robertson        55     1   2  2  
 2 Maxime Lajoie            Drew Helleson            45     1   2  2  

Last Minutes Offensive
   Center                   Left Wing                Right Wing               Defense                  Defense                  
   Mikhail Abramov          Michal Teply             Vasiliy Ponomarev        Maxime Lajoie            Matthew Robertson        

Last Minutes Defensive
   Center                   Left Wing                Right Wing               Defense                  Defense                  
   Mikhail Abramov          Michal Teply             Vasiliy Ponomarev        Maxime Lajoie            Matthew Robertson        

Goaltenders
Starting : Kevin Mandolese          
Backup : Ryan Fanti               

Extra Forwards
Normal : Michal Teply, Mikhail Abramov, Jachym Kondelik - PP : Michal Teply, Mikhail Abramov - PK : Mikhail Abramov
Extra Defensemen
Normal : Drew Helleson, Matthew Robertson, Maxime Lajoie - PP : Matthew Robertson - PK : Matthew Robertson, Maxime Lajoie
Penalty Shots
Jachym Kondelik, Nathan Legare, Vasiliy Ponomarev, Michal Teply, Mikhail Abramov

Scratches
Ryan Francis (Healthy), Grant Mismash (Healthy), Jan Mysak (Healthy), Simon Knak (Healthy), Adam Scheel (Healthy)

TRENTON WHALERS

5 vs 5 Forward 
   Center                   Left Wing                Right Wing               Time % Phy DF OF 
 1 Daniil Miromanov         Angus Crookshank         Graeme Clarke            36     1   2  2  
 2 Xavier Bourgault         Tyler Benson             Dino Kambeitz            31     1   2  2  
 3 Noah Philp               Henrik Rybinski          Patrick Giles            23     1   2  2  
 4 Samuel Houde             Michael Milne            Taylor Ward              10     1   2  2  

5 vs 5 Defense 
   Defense                  Defense                                           Time % Phy DF OF 
 1 Noel Hoefenmayer         Lawrence Pilut                                    36     1   2  2  
 2 Samuel Bolduc            Wyatt Kaiser                                      31     1   2  2  
 3 Noel Hoefenmayer         Daniil Miromanov                                  23     1   2  2  
 4 Noel Hoefenmayer         Wyatt Kaiser                                      10     1   2  2  

PowerPlay Forward 
   Center                   Left Wing                Right Wing               Time % Phy DF OF 
 1 Noah Philp               Angus Crookshank         Graeme Clarke            55     1   2  2  
 2 Xavier Bourgault         Tyler Benson             Dino Kambeitz            45     1   2  2  

PowerPlay Defense
   Defense                  Defense                                           Time % Phy DF OF 
 1 Noel Hoefenmayer         Daniil Miromanov                                  55     1   2  2  
 2 Samuel Bolduc            Wyatt Kaiser                                      45     1   2  2  

Penalty Kill 4 Players Forward 
   Center                   Wing                     Time % Phy DF OF 
 1 Angus Crookshank         Graeme Clarke            55     1   2  2  
 2 Xavier Bourgault         Noah Philp               45     1   2  2  

Penalty Kill 4 Players Defense
   Defense                  Defense                  Time % Phy DF OF 
 1 Noel Hoefenmayer         Wyatt Kaiser             55     1   2  2  
 2 Samuel Bolduc            Daniil Miromanov         45     1   2  2  

Penalty Kill - 3 Players Forward 
   Forward                                           Time % Phy DF OF 
 1 Xavier Bourgault                                  55     1   2  2  
 2 Graeme Clarke                                     45     1   2  2  

Penalty Kill - 3 Players Defense
   Defense                  Defense                  Time % Phy DF OF 
 1 Noel Hoefenmayer         Wyatt Kaiser             55     1   2  2  
 2 Samuel Bolduc            Daniil Miromanov         45     1   2  2  

4 vs 4 Forward 
   Center                   Wing                     Time % Phy DF OF 
 1 Angus Crookshank         Graeme Clarke            55     1   2  2  
 2 Xavier Bourgault         Noah Philp               45     1   2  2  

4 vs 4 Defense
   Defense                  Defense                  Time % Phy DF OF 
 1 Noel Hoefenmayer         Daniil Miromanov         55     1   2  2  
 2 Samuel Bolduc            Wyatt Kaiser             45     1   2  2  

Last Minutes Offensive
   Center                   Left Wing                Right Wing               Defense                  Defense                  
   Xavier Bourgault         Angus Crookshank         Graeme Clarke            Noel Hoefenmayer         Daniil Miromanov         

Last Minutes Defensive
   Center                   Left Wing                Right Wing               Defense                  Defense                  
   Xavier Bourgault         Angus Crookshank         Graeme Clarke            Noel Hoefenmayer         Daniil Miromanov         

Goaltenders
Starting : Eric Comrie              
Backup : Jakub Skarek             

Extra Forwards
Normal : Patrick Giles, Henrik Rybinski, Taylor Ward - PP : Patrick Giles, Henrik Rybinski - PK : Taylor Ward
Extra Defensemen
Normal : Daniil Miromanov, Noel Hoefenmayer, Samuel Bolduc - PP : Noel Hoefenmayer - PK : Noel Hoefenmayer, Samuel Bolduc
Penalty Shots
Patrick Giles, Graeme Clarke, Xavier Bourgault, Noah Philp, Angus Crookshank

Scratches
Cole Koepke (Healthy), Dawson Barteaux (Healthy), Jakob Pelletier (Lower Body Injury), Markus Niemelainen (Healthy), Jason Polin (Healthy)
Maxwell Crozier (Healthy), Sam Malinski (Healthy), Clay Stevenson (Healthy)

% Time on Ice - NEW-YORK OUTLAWS

Lines # - Real PCT - Wanted PCT - Time Play
Normal Forward
1 - 29% - 36% - 16:37
2 - 51% - 31% - 29:04
3 - 13% - 23% - 7:34
4 - 7% - 10% - 3:50
Normal Defense
1 - 34% - 36% - 19:25
2 - 46% - 31% - 26:05
3 - 16% - 23% - 9:21
4 - 4% - 10% - 2:14
PP Forward
1 - 0% - 55%
2 - 0% - 45%
PP Defense
1 - 0% - 55%
2 - 0% - 45%
PK Forward
1 - 60% - 55% - 1:45
2 - 40% - 45% - 1:10
PK Defense
1 - 36% - 55% - 1:03
2 - 64% - 45% - 1:52
PK3 Forward
1 - 0% - 55%
2 - 0% - 45%
PK3 Defense
1 - 0% - 55%
2 - 0% - 45%
44 Forward
1 - 0% - 55%
2 - 0% - 45%
44 Defense
1 - 0% - 55%
2 - 0% - 45%
Last Minute Offensive  - 0:00
Last Minute Defensive  - 0:00
Total
Forward - 60:00
Defense - 60:00

% Time on Ice - TRENTON WHALERS

Lines # - Real PCT - Wanted PCT - Time Play
Normal Forward
1 - 24% - 36% - 13:32
2 - 31% - 31% - 17:58
3 - 22% - 23% - 12:39
4 - 23% - 10% - 12:56
Normal Defense
1 - 32% - 36% - 18:15
2 - 36% - 31% - 20:22
3 - 24% - 23% - 13:48
4 - 8% - 10% - 4:40
PP Forward
1 - 42% - 55% - 1:14
2 - 58% - 45% - 1:41
PP Defense
1 - 42% - 55% - 1:14
2 - 58% - 45% - 1:41
PK Forward
1 - 0% - 55%
2 - 0% - 45%
PK Defense
1 - 0% - 55%
2 - 0% - 45%
PK3 Forward
1 - 0% - 55%
2 - 0% - 45%
PK3 Defense
1 - 0% - 55%
2 - 0% - 45%
44 Forward
1 - 0% - 55%
2 - 0% - 45%
44 Defense
1 - 0% - 55%
2 - 0% - 45%
Last Minute Offensive  - 0:00
Last Minute Defensive  - 0:00
Total
Forward - 60:00
Defense - 60:00

Play-by-Play

1st period


0:01 of 1st period - Mikhail Abramov wins face-off versus Daniil Miromanov in neutral zone.
0:40 of 1st period - Shot by Angus Crookshank.
0:40 of 1st period - Shot Misses the Net.
0:59 of 1st period - Icing by Wyatt Kaiser.
1:00 of 1st period - Vasiliy Ponomarev wins face-off versus Xavier Bourgault in TRENTON WHALERS zone.
1:30 of 1st period - Shot by Dino Kambeitz.
1:30 of 1st period - Shot Misses the Net.
1:32 of 1st period - Shot by Samuel Bolduc.
1:32 of 1st period - Shot Misses the Net.
1:34 of 1st period - Shot by Dino Kambeitz.
1:34 of 1st period - Stopped by Kevin Mandolese without a rebound.
1:35 of 1st period - Vasiliy Ponomarev wins face-off versus Noah Philp in NEW-YORK OUTLAWS zone.
1:40 of 1st period - Henrik Rybinski is hit by Michal Teply and loses puck.
3:23 of 1st period - Mikhail Abramov is hit by Lawrence Pilut and loses puck.
3:58 of 1st period - Shot by Daniil Miromanov.
3:58 of 1st period - Stopped by Kevin Mandolese without a rebound.
3:59 of 1st period - Patrick Giles wins face-off versus Alexander Nylander in NEW-YORK OUTLAWS zone.
5:18 of 1st period - Icing by Dylan Coghlan.
5:19 of 1st period - Xavier Bourgault wins face-off versus Vasiliy Ponomarev in NEW-YORK OUTLAWS zone.
6:41 of 1st period - Shot by Lucas Johansen.
6:41 of 1st period - Stopped by Eric Comrie without a rebound.
6:42 of 1st period - Mikhail Abramov wins face-off versus Daniil Miromanov in TRENTON WHALERS zone.
6:49 of 1st period - Shot by Angus Crookshank.
6:49 of 1st period - Stopped by Kevin Mandolese without a rebound.
6:50 of 1st period - Vasiliy Ponomarev wins face-off versus Daniil Miromanov in NEW-YORK OUTLAWS zone.
7:01 of 1st period - Shot by Graeme Clarke.
7:01 of 1st period - Shot Misses the Net.
7:44 of 1st period - Shot by Henrik Rybinski.
7:44 of 1st period - Shot Misses the Net.
8:01 of 1st period - Shot by Noah Philp.
8:01 of 1st period - Stopped by Kevin Mandolese without a rebound.
8:02 of 1st period - Samuel Houde wins face-off versus Mikhail Abramov in NEW-YORK OUTLAWS zone.
8:11 of 1st period - Shot by Michael Milne.
8:11 of 1st period - Stopped by Kevin Mandolese with a rebound.
9:35 of 1st period - Tyler Benson is hit by Lucas Johansen and loses puck.
9:48 of 1st period - Dino Kambeitz is hit by Dylan Coghlan.
10:06 of 1st period - Shot by Tyler Benson.
10:06 of 1st period - Stopped by Kevin Mandolese without a rebound.
10:07 of 1st period - Michael Milne wins face-off versus Vasiliy Ponomarev in NEW-YORK OUTLAWS zone.
10:10 of 1st period - Shot by Taylor Ward.
10:10 of 1st period - Stopped by Kevin Mandolese with a rebound.
10:30 of 1st period - Shot by Alexander Nylander.
10:30 of 1st period - Deflect By Vasiliy Ponomarev.
10:30 of 1st period - Stopped by Eric Comrie without a rebound.
10:31 of 1st period - Noah Philp wins face-off versus Vasiliy Ponomarev in TRENTON WHALERS zone.
10:38 of 1st period - Shot by Noah Philp.
10:38 of 1st period - Shot Misses the Net.
10:40 of 1st period - Shot by Henrik Rybinski.
10:40 of 1st period - Stopped by Kevin Mandolese with a rebound.
10:52 of 1st period - Shot by Henrik Rybinski.
10:52 of 1st period - Stopped by Kevin Mandolese with a rebound.
11:23 of 1st period - Shot by Maxime Lajoie.
11:23 of 1st period - Shot Blocked by Samuel Bolduc.
11:33 of 1st period - Shot by Dino Kambeitz.
11:33 of 1st period - Shot Blocked by Maxime Lajoie.
11:39 of 1st period - Shot by Xavier Bourgault.
11:39 of 1st period - Shot Blocked by Matthew Robertson.
11:41 of 1st period - Shot by Samuel Bolduc.
11:41 of 1st period - Stopped by Kevin Mandolese without a rebound.
11:42 of 1st period - Samuel Houde wins face-off versus Vasiliy Ponomarev in NEW-YORK OUTLAWS zone.
12:47 of 1st period - Shot by Xavier Bourgault.
12:47 of 1st period - Deflect By Tyler Benson.
12:47 of 1st period - Goal by Tyler Benson - NEW-YORK OUTLAWS : 0 - TRENTON WHALERS : 1.
12:48 of 1st period - Noah Philp wins face-off versus Alexander Nylander in neutral zone.
12:50 of 1st period - Off-side.
12:51 of 1st period - Patrick Giles wins face-off versus Mikhail Abramov in neutral zone.
13:18 of 1st period - Shot by Jachym Kondelik.
13:18 of 1st period - Shot Misses the Net.
13:51 of 1st period - Icing by Maxime Lajoie.
13:52 of 1st period - Samuel Houde wins face-off versus Mikhail Abramov in NEW-YORK OUTLAWS zone.
14:03 of 1st period - Shot by Samuel Houde.
14:03 of 1st period - Shot Misses the Net.
14:18 of 1st period - Icing by Wyatt Kaiser.
14:19 of 1st period - Samuel Houde wins face-off versus Vasiliy Ponomarev in TRENTON WHALERS zone.
14:23 of 1st period - Icing by Michael Milne.
14:24 of 1st period - Samuel Houde wins face-off versus Vasiliy Ponomarev in TRENTON WHALERS zone.
14:39 of 1st period - Shot by Samuel Houde.
14:39 of 1st period - Deflect By Michael Milne.
14:39 of 1st period - Shot Misses the Net.
14:45 of 1st period - Shot by Taylor Ward.
14:45 of 1st period - Stopped by Kevin Mandolese with a rebound.
15:30 of 1st period - Lucas Johansen is hit by Patrick Giles and loses puck.
15:34 of 1st period - Drew Helleson is hit by Patrick Giles and loses puck.
16:47 of 1st period - Shot by Xavier Bourgault.
16:47 of 1st period - Stopped by Kevin Mandolese without a rebound.
16:48 of 1st period - Samuel Houde wins face-off versus Mikhail Abramov in NEW-YORK OUTLAWS zone.
17:17 of 1st period - Shot by Samuel Houde.
17:17 of 1st period - Shot Blocked by Jachym Kondelik.
18:29 of 1st period - Off-side.
18:30 of 1st period - Mikhail Abramov wins face-off versus Patrick Giles in neutral zone.
18:33 of 1st period - Shot by Maxime Lajoie.
18:33 of 1st period - Shot Misses the Net.
18:35 of 1st period - Shot by Matthew Robertson.
18:35 of 1st period - Shot Misses the Net.
18:37 of 1st period - Shot by Maxime Lajoie.
18:37 of 1st period - Stopped by Eric Comrie without a rebound.
18:38 of 1st period - Samuel Houde wins face-off versus Vasiliy Ponomarev in TRENTON WHALERS zone.
18:49 of 1st period - Shot by Lawrence Pilut.
18:49 of 1st period - Shot Misses the Net.
19:03 of 1st period - Shot by Vasiliy Ponomarev.
19:03 of 1st period - Shot Blocked by Lawrence Pilut.
19:36 of 1st period - Shot by Mikhail Abramov.
19:36 of 1st period - Stopped by Eric Comrie without a rebound.
19:37 of 1st period - Graeme Clarke wins face-off versus Michal Teply in TRENTON WHALERS zone.
19:45 of 1st period - Graeme Clarke is hit by Maxime Lajoie and loses puck.
19:54 of 1st period - Shot by Daniil Miromanov.
19:54 of 1st period - Shot Blocked by Maxime Lajoie.
Goals for this period are 0 for NEW-YORK OUTLAWS vs 1 for TRENTON WHALERS.
Shots for this period are 4 for NEW-YORK OUTLAWS vs 13 for TRENTON WHALERS.

2nd period


0:01 of 2nd period - Mikhail Abramov wins face-off versus Daniil Miromanov in neutral zone.
0:15 of 2nd period - Graeme Clarke is hit by Jachym Kondelik and loses puck.
0:40 of 2nd period - Lawrence Pilut is hit by Jachym Kondelik and loses puck.
1:12 of 2nd period - Icing by Matthew Robertson.
1:13 of 2nd period - Mikhail Abramov wins face-off versus Xavier Bourgault in NEW-YORK OUTLAWS zone.
1:20 of 2nd period - Icing by Xavier Bourgault.
1:21 of 2nd period - Xavier Bourgault wins face-off versus Vasiliy Ponomarev in TRENTON WHALERS zone.
1:34 of 2nd period - Shot by Xavier Bourgault.
1:34 of 2nd period - Stopped by Kevin Mandolese without a rebound.
1:35 of 2nd period - Noah Philp wins face-off versus Vasiliy Ponomarev in NEW-YORK OUTLAWS zone.
1:55 of 2nd period - Shot by Henrik Rybinski.
1:55 of 2nd period - Stopped by Kevin Mandolese without a rebound.
1:56 of 2nd period - Vasiliy Ponomarev wins face-off versus Xavier Bourgault in NEW-YORK OUTLAWS zone.
2:16 of 2nd period - Icing by Xavier Bourgault.
2:17 of 2nd period - Jachym Kondelik wins face-off versus Xavier Bourgault in TRENTON WHALERS zone.
2:31 of 2nd period - Dino Kambeitz is hit by Maxime Lajoie and loses puck.
2:42 of 2nd period - Shot by Tyler Benson.
2:42 of 2nd period - Deflect By Xavier Bourgault.
2:42 of 2nd period - Stopped by Kevin Mandolese without a rebound.
2:43 of 2nd period - Vasiliy Ponomarev wins face-off versus Daniil Miromanov in NEW-YORK OUTLAWS zone.
2:54 of 2nd period - Shot by Isak Rosen.
2:54 of 2nd period - Shot Blocked by Samuel Bolduc.
3:04 of 2nd period - Shot by Graeme Clarke.
3:04 of 2nd period - Stopped by Kevin Mandolese with a rebound.
3:16 of 2nd period - Shot by Isak Rosen.
3:16 of 2nd period - Shot Misses the Net.
3:39 of 2nd period - Icing by Henrik Rybinski.
3:40 of 2nd period - Mikhail Abramov wins face-off versus Noah Philp in TRENTON WHALERS zone.
3:48 of 2nd period - Shot by Noah Philp.
3:48 of 2nd period - Shot Misses the Net.
3:50 of 2nd period - Shot by Henrik Rybinski.
3:50 of 2nd period - Stopped by Kevin Mandolese with a rebound.
5:10 of 2nd period - Shot by Isak Rosen.
5:10 of 2nd period - Shot Misses the Net.
5:20 of 2nd period - Shot by Graeme Clarke.
5:20 of 2nd period - Stopped by Kevin Mandolese with a rebound.
5:47 of 2nd period - Shot by Henrik Rybinski.
5:47 of 2nd period - Shot Misses the Net.
6:05 of 2nd period - Shot by Henrik Rybinski.
6:05 of 2nd period - Stopped by Kevin Mandolese without a rebound.
6:06 of 2nd period - Xavier Bourgault wins face-off versus Jachym Kondelik in NEW-YORK OUTLAWS zone.
6:09 of 2nd period - Shot by Tyler Benson.
6:09 of 2nd period - Stopped by Kevin Mandolese without a rebound.
6:10 of 2nd period - Xavier Bourgault wins face-off versus Mikhail Abramov in NEW-YORK OUTLAWS zone.
6:15 of 2nd period - Shot by Dino Kambeitz.
6:15 of 2nd period - Stopped by Kevin Mandolese with a rebound.
6:27 of 2nd period - Xavier Bourgault is hit by Matthew Robertson and loses puck.
6:28 of 2nd period - Minor Penalty to Maxime Lajoie for Cross-checking.
6:29 of 2nd period - Noah Philp wins face-off versus Mikhail Abramov in NEW-YORK OUTLAWS zone.
6:30 of 2nd period - Shot by Daniil Miromanov.
6:30 of 2nd period - Shot Misses the Net.
6:45 of 2nd period - Shot by Graeme Clarke.
6:45 of 2nd period - Shot Misses the Net.
6:47 of 2nd period - Shot by Daniil Miromanov.
6:47 of 2nd period - Stopped by Kevin Mandolese without a rebound.
6:48 of 2nd period - Mikhail Abramov wins face-off versus Xavier Bourgault in NEW-YORK OUTLAWS zone.
7:09 of 2nd period - Shot by Dino Kambeitz.
7:09 of 2nd period - Shot Misses the Net.
7:11 of 2nd period - Shot by Dino Kambeitz.
7:11 of 2nd period - Stopped by Kevin Mandolese without a rebound.
7:12 of 2nd period - Noah Philp wins face-off versus Vasiliy Ponomarev in NEW-YORK OUTLAWS zone.
7:23 of 2nd period - Shot by Noah Philp.
7:23 of 2nd period - Shot Blocked by Mikhail Abramov.
7:25 of 2nd period - Shot by Noel Hoefenmayer.
7:25 of 2nd period - Deflect By Graeme Clarke.
7:25 of 2nd period - Stopped by Kevin Mandolese with a rebound.
7:27 of 2nd period - Shot by Noel Hoefenmayer.
7:27 of 2nd period - Shot Blocked by Lucas Johansen.
7:29 of 2nd period - Shot by Daniil Miromanov.
7:29 of 2nd period - Stopped by Kevin Mandolese without a rebound.
7:30 of 2nd period - Xavier Bourgault wins face-off versus Mikhail Abramov in NEW-YORK OUTLAWS zone.
7:56 of 2nd period - Shot by Samuel Bolduc.
7:56 of 2nd period - Shot Misses the Net.
7:58 of 2nd period - Shot by Samuel Bolduc.
7:58 of 2nd period - Shot Misses the Net.
8:00 of 2nd period - Shot by Wyatt Kaiser.
8:00 of 2nd period - Shot Misses the Net.
8:02 of 2nd period - Shot by Wyatt Kaiser.
8:02 of 2nd period - Shot Blocked by Matthew Robertson.
8:18 of 2nd period - Shot by Daniil Miromanov.
8:18 of 2nd period - Shot Misses the Net.
8:31 of 2nd period - Minor Penalty to Nathan Legare for Holding.
8:32 of 2nd period - Vasiliy Ponomarev wins face-off versus Noah Philp in NEW-YORK OUTLAWS zone.
8:45 of 2nd period - Shot by Angus Crookshank.
8:45 of 2nd period - Shot Blocked by Ben Gleason.
8:47 of 2nd period - Shot by Noel Hoefenmayer.
8:47 of 2nd period - Stopped by Kevin Mandolese without a rebound.
8:48 of 2nd period - Tyler Benson wins face-off versus Jachym Kondelik in NEW-YORK OUTLAWS zone.
8:49 of 2nd period - Shot by Xavier Bourgault.
8:49 of 2nd period - Goal by Xavier Bourgault - NEW-YORK OUTLAWS : 0 - TRENTON WHALERS : 2.
8:50 of 2nd period - Vasiliy Ponomarev wins face-off versus Xavier Bourgault in neutral zone.
8:52 of 2nd period - Off-side.
8:53 of 2nd period - Xavier Bourgault wins face-off versus Mikhail Abramov in neutral zone.
9:20 of 2nd period - Shot by Dino Kambeitz.
9:20 of 2nd period - Shot Blocked by Matthew Robertson.
9:22 of 2nd period - Shot by Lawrence Pilut.
9:22 of 2nd period - Stopped by Kevin Mandolese with a rebound.
9:56 of 2nd period - Icing by Maxime Lajoie.
9:57 of 2nd period - Mikhail Abramov wins face-off versus Noah Philp in NEW-YORK OUTLAWS zone.
10:26 of 2nd period - Shot by Patrick Giles.
10:26 of 2nd period - Shot Misses the Net.
10:28 of 2nd period - Shot by Wyatt Kaiser.
10:28 of 2nd period - Shot Blocked by Albert Johansson.
11:04 of 2nd period - Icing by Lucas Johansen.
11:05 of 2nd period - Xavier Bourgault wins face-off versus Alexander Nylander in NEW-YORK OUTLAWS zone.
11:16 of 2nd period - Icing by Alexander Nylander.
11:17 of 2nd period - Samuel Houde wins face-off versus Alexander Nylander in NEW-YORK OUTLAWS zone.
11:39 of 2nd period - Icing by Lawrence Pilut.
11:40 of 2nd period - Vasiliy Ponomarev wins face-off versus Samuel Houde in TRENTON WHALERS zone.
11:40 of 2nd period - Vasiliy Ponomarev is hit by Lawrence Pilut.
11:46 of 2nd period - Shot by Isak Rosen.
11:46 of 2nd period - Stopped by Eric Comrie with a rebound.
11:48 of 2nd period - Shot by Ben Gleason.
11:48 of 2nd period - Shot Misses the Net.
11:52 of 2nd period - Shot by Vasiliy Ponomarev.
11:52 of 2nd period - Deflect By Isak Rosen.
11:52 of 2nd period - Stopped by Eric Comrie with a rebound.
11:54 of 2nd period - Shot by Isak Rosen.
11:54 of 2nd period - Stopped by Eric Comrie with a rebound.
11:56 of 2nd period - Shot by Albert Johansson.
11:56 of 2nd period - Shot Blocked by Lawrence Pilut.
11:58 of 2nd period - Shot by Ben Gleason.
11:58 of 2nd period - Stopped by Eric Comrie without a rebound.
11:59 of 2nd period - Mikhail Abramov wins face-off versus Daniil Miromanov in TRENTON WHALERS zone.
12:07 of 2nd period - Off-side.
12:08 of 2nd period - Michal Teply wins face-off versus Daniil Miromanov in neutral zone.
12:20 of 2nd period - Vasiliy Ponomarev is hit by Samuel Bolduc and loses puck.
13:10 of 2nd period - Shot by Xavier Bourgault.
13:10 of 2nd period - Shot Blocked by Matthew Robertson.
13:12 of 2nd period - Shot by Xavier Bourgault.
13:12 of 2nd period - Shot Misses the Net.
13:24 of 2nd period - Shot by Xavier Bourgault.
13:24 of 2nd period - Shot Misses the Net.
13:28 of 2nd period - Shot by Xavier Bourgault.
13:28 of 2nd period - Shot Blocked by Matthew Robertson.
15:44 of 2nd period - Shot by Henrik Rybinski.
15:44 of 2nd period - Stopped by Kevin Mandolese without a rebound.
15:45 of 2nd period - Henrik Rybinski wins face-off versus Jachym Kondelik in NEW-YORK OUTLAWS zone.
16:00 of 2nd period - Shot by Henrik Rybinski.
16:00 of 2nd period - Shot Misses the Net.
17:27 of 2nd period - Shot by Mikhail Abramov.
17:27 of 2nd period - Stopped by Eric Comrie without a rebound.
17:28 of 2nd period - Jachym Kondelik wins face-off versus Noah Philp in TRENTON WHALERS zone.
17:37 of 2nd period - Shot by Isak Rosen.
17:37 of 2nd period - Stopped by Eric Comrie without a rebound.
17:38 of 2nd period - Vasiliy Ponomarev wins face-off versus Xavier Bourgault in TRENTON WHALERS zone.
18:49 of 2nd period - Shot by Henrik Rybinski.
18:49 of 2nd period - Stopped by Kevin Mandolese without a rebound.
18:50 of 2nd period - Mikhail Abramov wins face-off versus Patrick Giles in NEW-YORK OUTLAWS zone.
19:19 of 2nd period - Graeme Clarke is hit by Jachym Kondelik and loses puck.
Goals for this period are 0 for NEW-YORK OUTLAWS vs 1 for TRENTON WHALERS.
Shots for this period are 6 for NEW-YORK OUTLAWS vs 18 for TRENTON WHALERS.

3rd period


0:01 of 3rd period - Daniil Miromanov wins face-off versus Mikhail Abramov in neutral zone.
0:01 of 3rd period - Daniil Miromanov is hit by Jachym Kondelik.
0:05 of 3rd period - Maxime Lajoie is hit by Daniil Miromanov and loses puck.
0:13 of 3rd period - Graeme Clarke is hit by Maxime Lajoie and loses puck.
0:19 of 3rd period - Daniil Miromanov is hit by Matthew Robertson.
0:36 of 3rd period - Minor Penalty to Matthew Robertson for Tripping.
0:37 of 3rd period - Xavier Bourgault wins face-off versus Mikhail Abramov in NEW-YORK OUTLAWS zone.
0:40 of 3rd period - Shot by Tyler Benson.
0:40 of 3rd period - Stopped by Kevin Mandolese without a rebound.
0:41 of 3rd period - Mikhail Abramov wins face-off versus Xavier Bourgault in NEW-YORK OUTLAWS zone.
0:41 of 3rd period - Mikhail Abramov is hit by Dino Kambeitz.
0:48 of 3rd period - Icing by Samuel Bolduc.
0:49 of 3rd period - Mikhail Abramov wins face-off versus Xavier Bourgault in TRENTON WHALERS zone.
1:06 of 3rd period - Shot by Xavier Bourgault.
1:06 of 3rd period - Shot Blocked by Albert Johansson.
1:08 of 3rd period - Shot by Samuel Bolduc.
1:08 of 3rd period - Stopped by Kevin Mandolese with a rebound.
1:10 of 3rd period - Shot by Dino Kambeitz.
1:10 of 3rd period - Shot Misses the Net.
1:14 of 3rd period - Shot by Xavier Bourgault.
1:14 of 3rd period - Goal by Xavier Bourgault - NEW-YORK OUTLAWS : 0 - TRENTON WHALERS : 3.
1:15 of 3rd period - Vasiliy Ponomarev wins face-off versus Daniil Miromanov in neutral zone.
1:27 of 3rd period - Shot by Graeme Clarke.
1:27 of 3rd period - Shot Blocked by Matthew Robertson.
1:29 of 3rd period - Shot by Lawrence Pilut.
1:29 of 3rd period - Shot Blocked by Maxime Lajoie.
1:31 of 3rd period - Shot by Daniil Miromanov.
1:31 of 3rd period - Stopped by Kevin Mandolese without a rebound.
1:32 of 3rd period - Noah Philp wins face-off versus Mikhail Abramov in NEW-YORK OUTLAWS zone.
1:33 of 3rd period - Shot by Henrik Rybinski.
1:33 of 3rd period - Shot Misses the Net.
2:43 of 3rd period - Shot by Vasiliy Ponomarev.
2:43 of 3rd period - Shot Blocked by Wyatt Kaiser.
3:45 of 3rd period - Shot by Lawrence Pilut.
3:45 of 3rd period - Shot Misses the Net.
4:19 of 3rd period - Shot by Graeme Clarke.
4:19 of 3rd period - Deflect By Angus Crookshank.
4:19 of 3rd period - Shot Misses the Net.
4:45 of 3rd period - Shot by Noah Philp.
4:45 of 3rd period - Shot Misses the Net.
4:47 of 3rd period - Shot by Lawrence Pilut.
4:47 of 3rd period - Shot Misses the Net.
4:51 of 3rd period - Shot by Noah Philp.
4:51 of 3rd period - Shot Misses the Net.
5:57 of 3rd period - Icing by Taylor Ward.
5:58 of 3rd period - Samuel Houde wins face-off versus Vasiliy Ponomarev in TRENTON WHALERS zone.
5:58 of 3rd period - Samuel Houde is hit by Nathan Legare.
6:06 of 3rd period - Shot by Taylor Ward.
6:06 of 3rd period - Shot Blocked by Lucas Johansen.
6:34 of 3rd period - Shot by Xavier Bourgault.
6:34 of 3rd period - Shot Misses the Net.
6:40 of 3rd period - Shot by Dino Kambeitz.
6:40 of 3rd period - Shot Misses the Net.
7:33 of 3rd period - Off-side.
7:34 of 3rd period - Samuel Houde wins face-off versus Mikhail Abramov in neutral zone.
7:39 of 3rd period - Shot by Michael Milne.
7:39 of 3rd period - Deflect By Samuel Houde.
7:39 of 3rd period - Shot Misses the Net.
7:41 of 3rd period - Shot by Daniil Miromanov.
7:41 of 3rd period - Shot Misses the Net.
7:59 of 3rd period - Shot by Michal Teply.
7:59 of 3rd period - Shot Blocked by Daniil Miromanov.
8:27 of 3rd period - Shot by Alexander Nylander.
8:27 of 3rd period - Shot Misses the Net.
8:45 of 3rd period - Shot by Jan Jenik.
8:45 of 3rd period - Shot Misses the Net.
9:25 of 3rd period - Shot by Noah Philp.
9:25 of 3rd period - Shot Blocked by Ben Gleason.
9:27 of 3rd period - Shot by Henrik Rybinski.
9:27 of 3rd period - Stopped by Kevin Mandolese without a rebound.
9:28 of 3rd period - Samuel Houde wins face-off versus Alexander Nylander in NEW-YORK OUTLAWS zone.
9:31 of 3rd period - Shot by Taylor Ward.
9:31 of 3rd period - Deflect By Samuel Houde.
9:31 of 3rd period - Stopped by Kevin Mandolese without a rebound.
9:32 of 3rd period - Mikhail Abramov wins face-off versus Samuel Houde in NEW-YORK OUTLAWS zone.
9:51 of 3rd period - Shot by Jachym Kondelik.
9:51 of 3rd period - Shot Misses the Net.
9:57 of 3rd period - Noel Hoefenmayer is hit by Jachym Kondelik and loses puck.
10:04 of 3rd period - Matthew Robertson is hit by Samuel Houde and loses puck.
10:32 of 3rd period - Icing by Maxime Lajoie.
10:33 of 3rd period - Noah Philp wins face-off versus Vasiliy Ponomarev in NEW-YORK OUTLAWS zone.
10:36 of 3rd period - Shot by Patrick Giles.
10:36 of 3rd period - Shot Misses the Net.
10:44 of 3rd period - Shot by Henrik Rybinski.
10:44 of 3rd period - Shot Blocked by Drew Helleson.
10:46 of 3rd period - Shot by Henrik Rybinski.
10:46 of 3rd period - Stopped by Kevin Mandolese with a rebound.
10:48 of 3rd period - Shot by Henrik Rybinski.
10:48 of 3rd period - Stopped by Kevin Mandolese without a rebound.
10:49 of 3rd period - Dino Kambeitz wins face-off versus Vasiliy Ponomarev in NEW-YORK OUTLAWS zone.
11:17 of 3rd period - Shot by Tyler Benson.
11:17 of 3rd period - Deflect By Xavier Bourgault.
11:17 of 3rd period - Stopped by Kevin Mandolese with a rebound.
12:16 of 3rd period - Shot by Noah Philp.
12:16 of 3rd period - Stopped by Kevin Mandolese without a rebound.
12:17 of 3rd period - Patrick Giles wins face-off versus Isak Rosen in NEW-YORK OUTLAWS zone.
12:41 of 3rd period - Off-side.
12:42 of 3rd period - Samuel Houde wins face-off versus Vasiliy Ponomarev in neutral zone.
13:06 of 3rd period - Shot by Taylor Ward.
13:06 of 3rd period - Shot Misses the Net.
15:26 of 3rd period - Shot by Taylor Ward.
15:26 of 3rd period - Stopped by Kevin Mandolese without a rebound.
15:27 of 3rd period - Vasiliy Ponomarev wins face-off versus Noah Philp in NEW-YORK OUTLAWS zone.
15:42 of 3rd period - Shot by Vasiliy Ponomarev.
15:42 of 3rd period - Shot Misses the Net.
15:44 of 3rd period - Shot by Isak Rosen.
15:44 of 3rd period - Goal by Isak Rosen - NEW-YORK OUTLAWS : 1 - TRENTON WHALERS : 3.
15:45 of 3rd period - Vasiliy Ponomarev wins face-off versus Samuel Houde in neutral zone.
16:10 of 3rd period - Isak Rosen is hit by Noel Hoefenmayer and loses puck.
16:42 of 3rd period - Shot by Daniil Miromanov.
16:42 of 3rd period - Shot Blocked by Maxime Lajoie.
16:44 of 3rd period - Shot by Scott Perunovich.
16:44 of 3rd period - Stopped by Kevin Mandolese without a rebound.
16:45 of 3rd period - Xavier Bourgault wins face-off versus Mikhail Abramov in NEW-YORK OUTLAWS zone.
16:45 of 3rd period - Daniil Miromanov is hit by Ben Gleason and loses puck.
17:07 of 3rd period - Xavier Bourgault is hit by Albert Johansson and loses puck.
17:35 of 3rd period - Michal Teply is hit by Samuel Bolduc and loses puck.
17:57 of 3rd period - Icing by Wyatt Kaiser.
17:58 of 3rd period - Noah Philp wins face-off versus Vasiliy Ponomarev in TRENTON WHALERS zone.
18:15 of 3rd period - Off-side.
18:16 of 3rd period - Vasiliy Ponomarev wins face-off versus Samuel Houde in neutral zone.
18:21 of 3rd period - Shot by Michael Milne.
18:21 of 3rd period - Stopped by Kevin Mandolese without a rebound.
18:22 of 3rd period - Vasiliy Ponomarev wins face-off versus Xavier Bourgault in NEW-YORK OUTLAWS zone.
18:47 of 3rd period - Shot by Dino Kambeitz.
18:47 of 3rd period - Stopped by Kevin Mandolese without a rebound.
18:48 of 3rd period - Patrick Giles wins face-off versus Mikhail Abramov in NEW-YORK OUTLAWS zone.
18:49 of 3rd period - Shot by Graeme Clarke.
18:49 of 3rd period - Deflect By Angus Crookshank.
18:49 of 3rd period - Stopped by Kevin Mandolese with a rebound.
19:24 of 3rd period - Shot by Angus Crookshank.
19:24 of 3rd period - Stopped by Kevin Mandolese without a rebound.
19:25 of 3rd period - Vasiliy Ponomarev wins face-off versus Xavier Bourgault in NEW-YORK OUTLAWS zone.
19:25 of 3rd period - Vasiliy Ponomarev is hit by Tyler Benson.
19:36 of 3rd period - Isak Rosen is hit by Wyatt Kaiser and loses puck.
19:45 of 3rd period - Maxime Lajoie is hit by Dino Kambeitz.
Goals for this period are 1 for NEW-YORK OUTLAWS vs 1 for TRENTON WHALERS.
Shots for this period are 1 for NEW-YORK OUTLAWS vs 16 for TRENTON WHALERS.